 Dungeon Crawl Stone Soup version 0.29-a0-653-gd47aff6735 (webtiles) character file.

Game seed: 11603497973670481659

131 IdlyInterested the Slasher (level 4, -1/33 HPs)
             Began as a Demonspawn Gladiator on June 21, 2022.
             Killed from afar by Crazy Yiuf (28 damage)
             ... with a bolt of light
             ... on level 2 of the Dungeon.
             The game lasted 00:03:35 (2135 turns).

IdlyInterested the Slasher (Demonspawn Gladiator)   Turns: 2135, Time: 00:03:35

Health: -1/33      AC:  8    Str: 13    XL:     4   Next: 91%
Magic:  4/4        EV: 12    Int:  9    God:
Gold:   118        SH:  0    Dex: 16    Spells: 3/3 levels left

rFire   . . .      SeeInvis +   a - +0 long sword (flame)
rCold   . . .      Faith    .   (no shield)
rNeg    . . .      Spirit   .   h - +0 ring mail
rPois   .          Reflect  .   (helmet restricted)
rElec   .          Harm     .   (no cloak)
rCorr   .          Rampage  .   (no gloves)
Will    .....                   o - +2 pair of boots
Stlth   ..........              (no amulet)
HPRegen 0.11/turn               c - ring of see invisible
MPRegen 0.09/turn               (no ring)

@: confused, invisible
A: horns 1, demonic guardian 1, weak 1
a: no special abilities


You were on level 2 of the Dungeon.
You visited 1 branch of the dungeon, and saw 4 of its levels.

You collected 118 gold pieces.

Inventory:

Hand Weapons
 a - a +0 long sword of flaming (weapon)
 j - a +0 short sword
Missiles
 d - 3 throwing nets
 e - a javelin
 f - 6 poisoned darts (quivered)
 k - 35 stones
Armour
 h - a +0 ring mail (worn)
 o - a +2 pair of boots (worn)
 p - a +0 plate armour
Magical Staves
 b - a staff of poison
Jewellery
 c - a ring of see invisible (left hand)
Scrolls
 g - a scroll of immolation {unknown}
 i - a scroll of identify
 l - a scroll of poison {unknown}
Potions
 m - 2 potions of attraction
 n - a potion of curing
 r - a potion of brilliance


   Skills:
 - Level 2.0 Fighting
 * Level 3.6 Long Blades
 - Level 1.3(1.8) Slings
 - Level 1.7(2.0) Throwing
 + Level 1.5 Armour
 * Level 3.6 Dodging


You had 3 spell levels left.
You didn't know any spells.
Your spell library was empty.

Dungeon Overview and Level Annotations

Branches:
Dungeon (4/15)
 Temple: D:4-7

Altars:

Annotations:
D:2 Crazy Yiuf


Innate Abilities, Weirdness & Mutations

You have a pair of small horns on your head.
A weak demonic guardian rushes to your aid.
You are weak. (Str -2)


Message History

You hit the rat. You burn the rat.
You kill the rat!
l - a scroll labelled RIG XASIMACVIR
n - a potion of curing
Found a mace.
Found a mace.
You see here a +0 mace.
Found a mace.
Found a runed translucent door.
Crazy Yiuf shouts!
Crazy Yiuf laughs, "Nubble sing-song sing!"
Crazy Yiuf yells, "Mugger!
Mama eyeball high."
You see here a +0 mace.
You open the door.
Found a stone staircase leading up.
There is an open door here.
m - 2 potions of attraction (gained 1)
There is a stone staircase leading up here.
There is an open door here.
Found a robe.
You see here a +0 robe.
You see here a +0 robe.
You see here a +0 mace.
Crazy Yiuf shouts!
Crazy Yiuf says, "Gnoll canine ena!"
Could not explore, unopened runed door.
You open the door. You barely miss Crazy Yiuf. Your headbutt misses Crazy Yiuf.
Crazy Yiuf completely misses you. Crazy Yiuf barely misses you.
You barely miss Crazy Yiuf.
Crazy Yiuf hits you with a +2 quarterstaff of chaos.
You fade into invisibility!
You barely miss Crazy Yiuf. Crazy Yiuf misses you.
You closely miss Crazy Yiuf.
Crazy Yiuf hits you with a +2 quarterstaff of chaos.
You catch the helpless Crazy Yiuf completely off-guard!
You hit Crazy Yiuf but do no damage. Your headbutt misses Crazy Yiuf.
Crazy Yiuf zaps a wand.
The bolt of light hits you!!
You are confused.
Ouch! That really hurt!
You die...

#..##.##.#
#....#####
#..#
#..#..##.#
#....#
#..#
#........#
♣)..P♣
####..#
##.......#
♣.P)♣♣
#.....#
###.#####
♣♣.♣♣
####.##
#.# ♣.♣♣
#.# #.#
♣♣.♣ #[#
#.# ♣.♣♣
#.#
#.#######
♣♣@♣
####.#
#.......#
#g# #....#
#########
... ######
#...#
#..)#
#####
##########
###
.........#
####.###


You could see Crazy Yiuf (can't see you).

Vanquished Creatures
  A phantom (D:2)
  3 adders
  A dart slug (D:1)
  3 ball pythons (D:1)
  3 endoplasms (D:1)
  A giant cockroach (D:1)
  2 goblins
  2 hobgoblins
  2 jackals (D:1)
  3 kobolds (D:1)
  4 bats
  4 frilled lizards
  A rat (D:2)
30 creatures vanquished.

Notes
Turn   | Place    | Note
-------+----------+-------------------------------------------
     0 | D:1      | IdlyInterested the Demonspawn Gladiator began the quest for
                  | the Orb.
     0 | D:1      | Reached XP level 1. HP: 16/16 MP: 1/1
    57 | D:1      | Found a faded altar of an unknown god.
   324 | D:1      | Gained mutation: You have a pair of small horns on your
                  | head. [demonic ancestry]
   324 | D:1      | Reached XP level 2. HP: 7/22 MP: 2/2
  1033 | D:1      | Gained mutation: You are weak. (Str -2) [potion of
                  | mutation]
  1141 | D:2      | Reached skill level 1 in Armour
  1141 | D:2      | Gained mutation: A weak demonic guardian rushes to your
                  | aid. [demonic ancestry]
  1141 | D:2      | Reached XP level 3. HP: 21/27 MP: 3/3
  1437 | D:2      | Noticed a phantom
  1450 | D:2      | Killed a phantom
  1451 | D:2      | Reached skill level 1 in Slings
  1451 | D:2      | Reached XP level 4. HP: 32/33 MP: 4/4
  1526 | D:2      | You fall into a shaft and drop 2 floors!
  1993 | D:2      | Found a runed translucent door.
  1994 | D:2      | Noticed Crazy Yiuf
  2135 | D:2      | Killed from afar by Crazy Yiuf

Illustrated notes

Levels and vault maps discovered:
D:1:      minmay_arrival_stone_box, layout_loops_ring,
          nicolae_ecumenical_lake_church, dreamdust_princess_corridor
D:2:      layout_loops_corners, uniq_crazy_yiuf_cottage
D:3:      layout_rooms
D:4:      layout_basic, minmay_temple_entry_proselytizer, serial_shops,
          nicolae_shop_statue_plus, kennysheep_generic_room_3

Skill      XL: |  1  2  3 |
---------------+----------+-----
Long Blades    | 3 |  3.6
Dodging        | 3 |  3.6
Armour         | 1 |  1.5
Slings         | 1 |  1.3
Fighting       | |  2.0
Throwing       | |  1.7

Action                   |  1- 3 |  4- 6 || total
-------------------------+-------+-------++-------
Melee: Long sword        |    70 |    12 ||    82
       Headbutt          |     7 |       ||     7
       Punch             |     1 |       ||     1
  Use: Scroll            |     4 |       ||     4
       Potion            |     4 |       ||     4
 Stab: Invisible         |       |     1 ||     1
Armor: Leather armour    |     9 |       ||     9
       Ring mail         |    27 |     1 ||    28
Dodge: Dodged            |    49 |     8 ||    57

Table legend: (Time is in decaauts)
 A = Elapsed time spent in this place.
 B = Non-inter-level travel time spent in this place.
 C = Inter-level travel time spent in this place.
 D = Time resting spent in this place.
 E = Time spent auto-exploring this place.
 F = Levels seen in this place.
 G = Mean time per level.
                   A        B        C        D        E       F      G
               +--------+--------+--------+--------+--------+-----+--------+
         Total |   2157 |   2128 |     29 |    258 |   1517 |   4 |  539.2 |
       Dungeon |   2157 |   2128 |     29 |    258 |   1517 |   4 |  539.2 |
               +--------+--------+--------+--------+--------+-----+--------+

Top non-repeatable levels by time:
     D:1: 1080 daAuts
     D:2: 1038 daAuts
     D:3: 33 daAuts
     D:4: 4 daAuts
